 Dungeon Crawl Stone Soup version 0.31-a0-18-gea43df2a32 (webtiles) character file.

Game seed: 3132987423674560011

211 senseless the Covered (level 5, -3/33 HPs)
             Began as a Tengu Fighter on May 11, 2023.
             Slain by an ogre
             ... wielding a +0 giant spiked club
              (13 damage)
             ... on level 4 of the Dungeon.
             The game lasted 00:06:24 (2201 turns).

senseless the Covered (Tengu Fighter)               Turns: 2201, Time: 00:06:25

Health: -3/33      AC:  9    Str: 17    XL:     5   Next: 88%
Magic:  6/6        EV:  8    Int:  8    God:
Gold:   164        SH:  5    Dex: 15    Spells: 4/4 levels left

rFire   . . .        l - +2 dagger (venom)
rCold   . . .        c - +0 buckler
rNeg    . . .        o - +0 chain mail
rPois   .            (helmet restricted)
rElec   .            (no cloak)
rCorr   .            (no gloves)
SInv    .            (boots unavailable)
Will    .....        (no amulet) Stlth
                     (no ring)
HPRegen 0.25/turn    (no ring)
MPRegen 0.10/turn

%: no passive effects
@: flying quickly and evasively, quick
A: beak, talons 3, nimble flight
a: no special abilities


You were on level 4 of the Dungeon.
You visited 1 branch of the dungeon, and saw 4 of its levels.

You collected 164 gold pieces.

Inventory:

Hand Weapons
 a - a +0 rapier
 l - a +2 dagger of venom (weapon)
 p - a +2 short sword of holy wrath
Armour
 c - a +0 buckler (worn)
 o - a +0 chain mail (worn)
Jewellery
 e - an amulet of magic regeneration
Wands
 j - a wand of digging (2)
Scrolls
 b - a scroll of enchant weapon {unknown}
 g - 2 scrolls of teleportation {unknown}
 h - 2 scrolls of amnesia {unknown}
 i - 2 scrolls of identify {unknown}
 m - a scroll of acquirement {unknown}
Potions
 d - 2 potions of might
 f - 3 potions of invisibility {unknown}
 k - 5 potions of haste {unknown}
 n - a potion of curing {unknown}


   Skills:
 + Level 4.1 Fighting
 + Level 3.7 Short Blades
 + Level 4.4 Armour
 + Level 4.0 Shields


You had 4 spell levels left.
You didn't know any spells.
Your spell library contained the following spells:

 Spells                   Type           Power      Damage    Failure   Level
 Inner Flame              Hex/Fire       0%         N/A       100%        3
 Flame Wave               Conj/Fire      0%         2d4       100%        4
 Sticky Flame             Conj/Fire      0%         2d3       100%        4


Dungeon Overview and Level Annotations

Branches:
Dungeon (4/15)
 Temple: D:4-7

Altars:
Ashenzari
Dithmenos
Ru

Portals:
Abyss: D:3

Annotations:
D:3 2 transporters, Reshi88's ghost, amateur FoFi


Innate Abilities, Weirdness & Mutations

You have a beak for a mouth.
You have claws for feet.
Your magical nature lets you fly swiftly and evasively.


Message History

p - a +2 short sword of holy wrath You see here a +0 dagger of venom.
You see here a +0 dagger of venom.
You see here an adder skeleton.
A hobgoblin comes into view.
The hobgoblin shouts!
A kobold comes into view. It is wielding a +0 whip.
The kobold shouts!
Found a robe.
You block the hobgoblin's attack.
You hit the hobgoblin.
The hobgoblin is poisoned.
Your kick misses the hobgoblin. You peck the hobgoblin.
The hobgoblin is heavily wounded.
You barely miss the hobgoblin. You claw the hobgoblin.
You kill the hobgoblin!
You hit the kobold but do no damage.
The kobold is poisoned.
You claw the kobold.
You kill the kobold!
No target in view!
An ogre comes into view. It is wielding a +0 giant spiked club.
The ogre shouts!
You hear a shout!
An ufetubus comes into view.
The ogre hits you with a +0 giant spiked club!
You hit the ogre.
The ogre is poisoned.
Your kick misses the ogre. You peck the ogre.
The ogre is moderately wounded.
You completely miss the ogre. You claw the ogre, but do no damage.
You peck the ogre, but do no damage.
The ogre is heavily wounded.
The ogre barely misses you.
Found 13 gold pieces.
The ogre hits you with a +0 giant spiked club!!
Ouch! That really hurt!
* * * LOW HITPOINT WARNING * * *
You block the ufetubus's attack. The ufetubus barely misses you.
You hit the ogre but do no damage.
The ogre looks even sicker.
You claw the ogre! You peck the ogre, but do no damage.
The ogre is almost dead.
The ufetubus hits you but does no damage. x2
The ogre hits you with a +0 giant spiked club!
You die...

...# #...## ..# ###.....
#.# #.....(. #.#
#.##.##. #.# #.##.##.
##.## #....##. #...#
#..####รท #.O5#
##..####. #.@.#
#....<... #####...#####
#.#.###.#
#...........###.#.###.#
$.......).....##........
##............##.#...#.#
#####...####.##.#...#.#
#...# #.##.......# #...#
#.##.##..### ......
#..#.##..# #


You could see an ogre (very poisoned) and an ufetubus.

Vanquished Creatures
  A scorpion (D:4)
  2 orc priests (D:4)
  2 adders (D:4)
  3 worms
  2 dart slugs
  An orc (D:4)
  9 ball pythons
  5 endoplasms
  3 giant cockroaches
  5 goblins
  5 hobgoblins
  3 quokkas
  5 bats
  9 frilled lizards
  5 kobolds
  6 rats
66 creatures vanquished.

Notes
Turn   | Place    | Note
-------+----------+-------------------------------------------
     0 | D:1      | senseless the Tengu Fighter began the quest for the Orb.
     0 | D:1      | Reached XP level 1. HP: 14/14 MP: 2/2
   117 | D:1      | Reached XP level 2. HP: 12/19 MP: 3/3
   359 | D:1      | Reached XP level 3. HP: 23/23 MP: 4/4
   570 | D:2      | Found a broken altar of Ashenzari.
   691 | D:2      | Found a faded altar of an unknown god.
  1343 | D:3      | Found a shadowy altar of Dithmenos.
  1503 | D:3      | Found a sacrificial altar of Ru.
  1543 | D:3      | Found a transporter.
  1547 | D:3      | Found a transporter.
  1604 | D:3      | Reached XP level 4. HP: 19/28 MP: 5/5
  1724 | D:3      | Found a one-way gate to the infinite horrors of the Abyss.
  1724 | D:3      | Noticed Reshi88's ghost (amateur FoFi)
  1923 | D:4      | Noticed a scorpion
  1929 | D:4      | Killed a scorpion
  1930 | D:4      | Gained mutation: Your magical nature lets you fly swiftly
                  | and evasively. [Tengu growth]
  1930 | D:4      | Reached XP level 5. HP: 32/33 MP: 6/6
  2187 | D:4      | Noticed an ogre
  2201 | D:4      | Slain by an ogre

Illustrated notes

Levels and vault maps discovered:
D:1:      psy_arrival_whirlpool, layout_rooms
D:2:      layout_loops_ring, serial_rivers, chequers_serial_rivers_small_3,
          chequers_serial_rivers_large_a, chequers_serial_rivers_room_a,
          chequers_serial_rivers_micro_c, basic_altar, basic_ecumenical_altar
D:3:      layout_basic, nicolae_dithmenos_through_a_glass_darkly,
          mainiacjoe_overflow_boulevard, gammafunk_ghost_abyssal_escape
D:4:      layout_loops_cross

Skill      XL: |  1  2  3  4  5 |
---------------+----------------+-----
Short Blades   | 3 |  3.7
Armour         | 4 |  4.4
Fighting       | 4 |  4.1
Shields        | 4 |  4.0

Action                     |  1- 3 |  4- 6 || total
---------------------------+-------+-------++-------
  Melee: Rapier            |    86 |       ||    86
         Kick              |    29 |    23 ||    52
         Peck              |    14 |     9 ||    23
         Dagger            |    12 |    52 ||    64
 Armour: Scale mail        |    39 |     4 ||    43
         Chain mail        |       |    18 ||    18
  Dodge: Dodged            |    30 |    11 ||    41
  Block: Buckler           |    21 |     6 ||    27

Table legend: (Time is in decaauts)
 A = Elapsed time spent in this place.
 B = Non-inter-level travel time spent in this place.
 C = Inter-level travel time spent in this place.
 D = Time resting spent in this place.
 E = Time spent auto-exploring this place.
 F = Levels seen in this place.
 G = Mean time per level.
                   A        B        C        D        E       F      G
               +--------+--------+--------+--------+--------+-----+--------+
         Total |   2204 |   1947 |    257 |      0 |   1553 |   4 |  551.0 |
       Dungeon |   2204 |   1947 |    257 |      0 |   1553 |   4 |  551.0 |
               +--------+--------+--------+--------+--------+-----+--------+

Top non-repeatable levels by time:
     D:2: 929 daAuts
     D:3: 587 daAuts
     D:1: 425 daAuts
     D:4: 262 daAuts
